Map: [ESL] Data-C

Players

Reynor

  • Race: Zerg Zerg
  • Spawn Location: 3:00

Maru - Winner!

  • Race: Terran Terran
  • Spawn Location: 9:00

Event: DreamHack SC2 Masters 2022 Valencia

VOD

https://youtu.be/KYY73OR1_w8

Description

Time

  • Played on: July 3, 2022, 8:38 a.m.
  • Length: 43:58

All games in this series

Show
View Real Time Build Order
Export as new Build Order

Reynor Zerg 

Build Orders: Hatch First 

Get SALT Encoding   

  12  0:00  Drone  
  13  0:12  Overlord  
  13  0:17  Drone  
  14  0:31  Drone x2  
  16  0:48  Hatchery  
  15  0:51  Drone  
  15  0:56  Drone  
  17  0:58  Drone  
  18  1:10  Extractor  
  17  1:13  Spawning Pool  
  17  1:17  Drone  
  17  1:20  Drone  
  18  1:28  Drone  
  19  1:39  Drone  
  20  1:49  Overlord  
  20  2:00  Queen x2, Zergling x2  
  20  2:01  Zergling x2  
  26  2:11  Drone x2  
  28  2:18  Metabolic Boost  
  28  2:22  Drone x2  
  30  2:34  Hatchery  
  29  2:38  Drone  
  29  2:40  Drone  
  29  2:43  Drone  
  32  2:46  Overlord  
  32  2:53  Queen  
  32  2:55  Drone  
  32  2:57  Drone  
  36  3:05  Drone x2  
  38  3:11  Drone x2  
  38  3:12  Queen  
  42  3:14  Drone  
  42  3:17  Overlord  
  42  3:19  Drone  
  44  3:26  Overlord  
  44  3:34  Queen  
  44  3:35  Drone  
  44  3:36  Drone  
  44  3:41  Drone  
  49  3:46  Zergling x2  
  49  3:48  Queen  
  52  3:50  Queen  
  52  3:51  Zergling x2  
  52  3:53  Drone  
  56  3:56  Roach Warren  
  56  3:57  Drone  
  56  3:58  Drone  
  56  4:00  Overlord  
  56  4:02  Drone  
  58  4:06  Zergling x4  
  58  4:07  Drone  
  61  4:11  Overlord  
  61  4:14  Overlord  
  61  4:19  Drone, Overlord  
  61  4:20  Drone x2  
  61  4:21  Drone  
  61  4:22  Drone  
  66  4:25  Overlord  
  66  4:30  Drone  
  67  4:31  Overlord  
  67  4:38  Roach x3  
  73  4:41  Overlord  
  73  4:43  Roach  
  73  4:45  Roach x2  
  79  4:48  Drone  
  79  4:49  Extractor  
  79  4:52  Evolution Chamber, Queen  
  80  4:53  Drone  
  80  4:55  Drone  
  80  4:58  Drone x3  
  80  4:59  Drone  
  86  5:02  Roach  
  86  5:05  Drone x3  
  91  5:07  Overlord  
  91  5:11  Drone  
  91  5:12  Spore Crawler  
  91  5:13  Evolution Chamber  
  90  5:19  Evolution Chamber x2  
  90  5:21  Evolution Chamber, Drone x2  
  90  5:23  Drone x2  
  90  5:24  Drone  
  90  5:28  Drone x2  
  88  5:29  Drone  
  88  5:31  Overlord  
  88  5:32  Drone  
  88  5:34  Drone x2  
  94  5:37  Drone  
  94  5:38  Drone x2  
  94  5:40  Overlord  
  94  5:42  Drone  
  100  5:44  Lair  
  100  5:46  Drone  
  100  5:48  Extractor  
  99  5:52  Overlord  
  99  5:54  Drone  
  99  5:56  Drone  
  98  6:00  Drone, Overlord  
  98  6:01  Drone  
  98  6:03  Queen, Extractor  
  99  6:04  Drone, Extractor  
  99  6:05  Drone  
  99  6:07  Extractor  
  99  6:10  Drone  
  99  6:11  Spore Crawler, Drone x2  
  102  6:13  Roach, Spore Crawler  
  102  6:16  Hatchery  
  102  6:17  Roach  
  103  6:19  Overlord  
  103  6:21  Drone  
  104  6:26  Drone  
  104  6:27  Spore Crawler x2  
  104  6:28  Evolution Chamber  
  102  6:38  Drone x3  
  105  6:40  Zerg Ground Armor Level 1  
  105  6:44  Evolution Chamber  
  105  6:50  Drone x8  
  105  6:51  Drone  
  105  6:52  Drone  
  115  6:54  Glial Reconstitution, Zerg Missile Weapons Level 1  
  115  6:56  Roach  
  115  6:59  Roach x3  
  123  7:03  Overlord  
  123  7:05  Roach x3  
  123  7:07  Roach x2  
  135  7:08  Roach x3  
  135  7:14  Roach  
  141  7:16  Drone  
  141  7:20  Overlord  
  142  7:24  Roach  
  142  7:29  Drone x3  
  145  7:33  Overlord  
  145  7:35  Spore Crawler  
  144  7:40  Drone x3  
  144  7:42  Roach x2  
  144  7:43  Roach x6  
  163  7:46  Queen  
  163  7:47  Roach, Extractor x2  
  165  7:53  Overlord  
  165  7:54  Roach x3  
  165  7:57  Roach  
  165  7:58  Roach x2  
  177  8:02  Roach x2  
  177  8:03  Overlord  
  177  8:04  Roach  
  183  8:09  Infestation Pit  
  183  8:10  Overlord, Ravager  
  183  8:12  Roach x3  
  189  8:15  Ravager x3  
  189  8:16  Overlord  
  192  8:23  Baneling Nest, Drone  
  192  8:25  Roach x3  
  192  8:26  Roach  
  200  8:29  Overseer  
  200  8:32  Hatchery  
  183  8:41  Roach  
  183  8:42  Roach x8  
  183  8:46  Roach x4  
  183  8:47  Roach x2  
  177  8:49  Roach  
  177  8:52  Roach x2  
  177  8:55  Roach x3  
  159  8:59  Roach x2  
  159  9:02  Roach x3  
  160  9:03  Ravager  
  160  9:04  Ravager x2  
  160  9:08  Zerg Melee Weapons Level 1  
  163  9:12  Roach x4  
  171  9:19  Drone x8  
  171  9:23  Ravager x2  
  181  9:25  Hive  
  181  9:26  Drone  
  178  9:31  Overlord  
  178  9:35  Zergling x16  
  178  9:37  Centrifugal Hooks  
  182  9:40  Drone  
  182  9:41  Drone x3  
  186  9:48  Drone x4  
  186  9:51  Zergling x4  
  192  9:54  Zergling x4  
  194  10:03  Zergling x12  
  200  10:20  Hatchery  
  195  10:32  Zergling x2  
  195  10:33  Zergling x8  
  200  10:37  Hatchery  
  200  10:41  Adrenal Glands  
  200  10:42  Ultralisk Cavern  
  197  11:02  Drone x2  
  197  11:04  Zerg Ground Armor Level 2  
  199  11:05  Zerg Melee Weapons Level 2  
  199  11:21  Baneling x11  
  199  11:39  Chitinous Plating, Hatchery  
  191  11:41  Zergling x2  
  191  11:42  Zergling x16  
  191  11:45  Spore Crawler  
  191  11:46  Spine Crawler  
  198  11:47  Spine Crawler  
  198  11:51  Queen  
  197  12:06  Drone x3  
  197  12:08  Extractor  
  199  12:10  Spire  
  199  12:12  Spire  
  193  12:21  Baneling x8  
  190  12:33  Viper  
  190  12:34  Viper x2  
  199  12:46  Hatchery  
  199  12:51  Hatchery  
  197  12:56  Zergling x6  
  197  12:57  Baneling x9  
  197  12:58  Baneling x2  
  200  13:02  Unknown  
  198  13:28  Zerg Flyer Weapons Level 1  
  198  13:29  Zerg Flyer Armor Level 1  
  198  13:30  Anabolic Synthesis, Zerg Ground Armor Level 3  
  198  13:31  Zerg Melee Weapons Level 3  
  198  13:32  Zergling x4  
  198  13:46  Hatchery  
  198  13:55  Zergling x6  
  198  13:58  Drone x2  
  199  14:19  Zergling x4  
  198  14:29  Unknown  
  183  14:32  Ultralisk x3, Zergling x6  
  183  14:37  Zergling x2  
  183  14:38  Zergling x2  
  200  14:40  Zergling x2  
  200  14:45  Extractor  
  191  14:46  Extractor  
  191  14:52  Zergling x56  
  200  14:59  Ultralisk, Zergling x22  
  199  15:16  Baneling x26  
  199  15:17  Baneling  
  199  15:19  Baneling x19  
  199  15:20  Baneling x20  
  199  15:21  Pneumatized Carapace  
  199  15:22  Overseer x3  
  199  15:28  Zerg Flyer Weapons Level 2  
  199  15:29  Greater Spire  
  199  15:32  Extractor, Zergling x2  
  194  15:45  Zergling x12  
  199  15:54  Spore Crawler, Spine Crawler  
  190  16:08  Zergling x22  
  190  16:09  Zergling x10  
  190  16:10  Zergling x8  
  197  16:17  Zergling x44  
  200  16:21  Overlord  
  200  16:27  Baneling x5  
  200  16:28  Baneling x9  
  200  16:30  Baneling  
  200  16:31  Baneling x7  
  200  16:35  Zergling x12  
  188  16:41  Zergling x28  
  188  16:43  Baneling x18  
  188  16:44  Baneling x10  
  199  16:51  Baneling x16  
  199  16:52  Zergling x2  
  176  17:25  Zergling x56  
  163  17:33  Ultralisk x4, Zergling x4  
  178  17:37  Drone x2  
  178  17:38  Queen, Drone  
  178  17:39  Zergling x10  
  178  17:40  Zergling x2  
  178  17:41  Viper  
  192  17:45  Queen  
  194  17:51  Baneling x8  
  194  17:52  Baneling x13  
  194  17:54  Baneling x8  
  194  17:55  Infestor x2  
  194  17:57  Pathogen Glands  
  198  17:59  Drone  
  199  18:09  Overseer, Hatchery  
  199  18:11  Drone  
  199  18:12  Nydus Network  
  199  18:14  Baneling x18  
  196  18:27  Zergling x2  
  196  18:28  Zergling x6  
  192  18:37  Zergling x16  
  192  18:41  Zerg Flyer Weapons Level 3  
  200  18:42  Zerg Flyer Armor Level 2  
  200  18:49  Nydus Canal  
  161  19:13  Corruptor x5  
  161  19:14  Corruptor x8  
  161  19:16  Drone  
  161  19:17  Drone x3  
  183  19:18  Spore Crawler  
  183  19:19  Spore Crawler, Viper x2  
  183  19:22  Drone x2  
  189  19:31  Overseer  
  189  19:32  Drone x3  
  192  19:44  Spore Crawler  
  192  19:45  Brood Lord x4  
  199  19:48  Spore Crawler  
  199  19:49  Spore Crawler  
  199  19:51  Spore Crawler, Nydus Canal  
  196  19:57  Brood Lord x3  
  199  20:01  Spore Crawler  
  199  20:02  Spore Crawler x2  
  199  20:04  Brood Lord  
  199  20:05  Brood Lord, Hydralisk Den  
  188  20:38  Brood Lord x4  
  188  20:40  Zergling x2  
  188  20:41  Zergling x22  
  187  20:44  Corruptor x4  
  187  20:48  Zergling x10  
  200  20:54  Lurker Den  
  199  21:07  Infestor  
  197  21:15  Brood Lord  
  197  21:17  Nydus Canal  
  199  21:21  Zerg Flyer Armor Level 3  
  190  21:29  Brood Lord x3  
  190  21:30  Zergling x26  
  199  21:39  Burrow  
  199  21:56  Baneling x16  
  199  22:09  Baneling x6  
  199  22:17  Baneling x8  
  199  22:19  Overseer x2  
  199  22:33  Extractor  
  199  22:34  Extractor  
  199  22:36  Zergling x10  
  199  22:43  Seismic Spines  
  199  22:45  Zergling x2  
  197  22:54  Spore Crawler x2, Zergling x10  
  197  22:55  Spore Crawler  
  195  23:02  Infestor x2  
  197  23:07  Overlord x3  
  197  23:09  Overlord  
  185  23:28  Zergling x28  
  199  23:37  Baneling  
  199  23:38  Baneling x13  
  196  23:56  Nydus Canal  
  196  24:02  Hatchery  
  195  24:06  Hatchery  
  188  24:13  Corruptor x6  
  192  24:22  Zergling x22  
  199  24:35  Hatchery  
  194  25:04  Brood Lord  
  194  25:05  Brood Lord x2  
  200  25:19  Spore Crawler  
  200  25:20  Spore Crawler, Hatchery  
  185  25:29  Corruptor x4  
  185  25:31  Brood Lord x3  
  185  25:33  Hatchery  
  198  25:47  Extractor  
  198  25:49  Extractor  
  196  25:54  Hydralisk, Nydus Canal  
  196  25:55  Hydralisk  
  200  26:01  Spore Crawler  
  199  26:09  Overseer x2  
  199  26:16  Unknown  
  199  26:17  Drone x2  
  200  26:18  Spine Crawler  
  200  26:20  Spore Crawler  
  198  26:37  Nydus Canal  
  198  26:44  Drone x2  
  198  26:45  Spore Crawler  
  198  26:46  Spore Crawler, Overseer  
  198  26:47  Lurker  
  198  26:48  Lurker  
  198  26:49  Neural Parasite  
  200  27:01  Nydus Canal  
  197  27:16  Drone  
  197  27:17  Drone x2  
  200  27:23  Nydus Canal  
  200  27:28  Extractor  
  200  27:29  Overseer  
  199  27:30  Extractor, Overseer  
  198  27:37  Spore Crawler  
  198  27:38  Spine Crawler  
  198  27:39  Infestor  
  196  27:55  Brood Lord x2  
  200  28:23  Drone x3  
  191  28:43  Infestor x4  
  180  28:51  Zergling x26  
  180  28:55  Infestor x3  
  194  28:58  Zergling x2  
  194  28:59  Zergling x10  
  198  29:05  Corruptor  
  198  29:06  Corruptor x2  
  176  29:21  Brood Lord x2  
  179  29:30  Hydralisk x2  
  179  29:31  Hydralisk  
  185  29:46  Hatchery  
  185  29:51  Brood Lord x2  
  185  29:52  Brood Lord  
  189  29:56  Corruptor x3  
  189  29:58  Hatchery  
  194  30:04  Lurker x2  
  194  30:05  Lurker  
  196  30:08  Adaptive Talons  
  196  30:14  Drone x5  
  200  30:44  Unknown  
  198  31:09  Brood Lord  
  198  31:10  Drone  
  195  31:24  Baneling x5  
  197  31:25  Brood Lord x2  
  199  31:37  Extractor  
  198  32:17  Hatchery  
  197  32:38  Infestor  
  197  32:45  Infestor  
  197  33:18  Spore Crawler  
  197  33:19  Spore Crawler x2  
  194  33:22  Zergling x16  
  200  33:47  Overseer  
  200  34:16  Corruptor x5  
  185  34:28  Viper x2  
  185  34:39  Extractor  
  185  34:40  Extractor  
  185  34:45  Zergling x24  
  195  34:55  Brood Lord x2  
  195  34:58  Overseer  
  195  34:59  Spore Crawler x2  
  184  35:53  Corruptor x5  
  191  35:57  Viper x2  
  191  36:03  Extractor  
  196  36:06  Brood Lord x2  
  193  36:51  Brood Lord x3  
  194  37:03  Corruptor x3  
  197  37:23  Overseer  
  197  37:27  Brood Lord x2, Infestor  
  200  37:36  Overseer  
  200  37:55  Overlord x3  
  200  37:56  Overlord  
  195  38:33  Zergling x14  
  196  38:41  Overseer  
  193  38:42  Corruptor x3  
  196  38:51  Corruptor x2  
  191  39:05  Brood Lord x3, Corruptor  
  199  39:18  Overlord x2  
  199  39:27  Overlord  
  183  40:08  Corruptor x3  
  188  40:34  Zergling x38  
  167  40:37  Overseer  
  167  40:40  Zergling x24  
  167  40:41  Zergling x16  
  137  41:02  Brood Lord x4  
  145  41:16  Viper  
  145  41:17  Viper  
  151  41:19  Overseer  
  151  41:22  Viper  
  154  41:45  Overseer  
  154  42:03  Brood Lord  
  154  42:06  Hatchery  
  155  42:17  Brood Lord  
  156  42:24  Overseer  
  156  42:25  Overseer  
  108  42:53  Zergling x14  
  108  42:54  Zergling x6  
  82  43:17  Zergling x10  
Show
View Real Time Build Order
Export as new Build Order

Maru Terran - Winner!

Build Orders: 2 Factory, Command Center First (CC), Hellion Opening 

Get SALT Encoding   

  12  0:00  SCV  
  13  0:12  SCV  
  14  0:17  Supply Depot  
  14  0:24  SCV  
  15  0:38  SCV  
  16  0:50  SCV  
  17  0:59  Command Center  
  17  1:02  SCV  
  18  1:15  SCV  
  18  1:16  Barracks  
  19  1:21  Refinery  
  19  1:27  SCV  
  19  1:30  Refinery  
  20  1:39  SCV  
  21  1:51  SCV  
  22  2:03  Orbital Command, Marine  
  23  2:13  Orbital Command  
  23  2:15  Factory  
  23  2:21  Barracks Reactor  
  23  2:28  SCV  
  24  2:37  Factory  
  24  2:39  SCV  
  24  2:40  SCV  
  26  2:51  SCV  
  26  2:53  SCV  
  28  3:01  Starport  
  28  3:03  SCV  
  28  3:05  SCV  
  30  3:06  Supply Depot  
  30  3:09  Hellion x2  
  34  3:15  SCV  
  34  3:17  SCV  
  36  3:20  Factory Tech Lab, Supply Depot  
  36  3:27  SCV  
  36  3:29  SCV  
  36  3:31  Hellion x2  
  42  3:37  Viking  
  42  3:39  Infernal Pre-Igniter  
  44  3:42  SCV  
  44  3:43  SCV  
  44  3:46  Supply Depot  
  46  3:51  Hellion  
  46  3:55  SCV x2  
  50  3:58  Hellion  
  50  3:59  Hellion  
  50  4:00  Barracks Tech Lab  
  54  4:08  Supply Depot, Medivac  
  54  4:09  SCV  
  57  4:12  SCV  
  57  4:16  Armory  
  58  4:19  Hellion  
  58  4:20  Hellion  
  62  4:30  Hellion, SCV x2  
  66  4:31  Supply Depot  
  66  4:42  SCV x2  
  66  4:45  Command Center  
  68  4:50  Hellion  
  70  4:53  Hellion  
  70  4:54  SCV, Supply Depot  
  73  5:01  SCV  
  73  5:03  Refinery  
  73  5:06  SCV  
  75  5:07  Drilling Claws  
  75  5:09  Starport Reactor  
  75  5:15  SCV  
  75  5:18  SCV  
  75  5:27  SCV  
  72  5:30  SCV  
  72  5:33  Barracks, Widow Mine x3  
  73  5:35  Barracks  
  73  5:36  Refinery  
  73  5:39  SCV  
  73  5:40  Marine, Stimpack  
  73  5:42  SCV  
  75  5:51  SCV  
  75  5:54  SCV  
  75  5:56  Widow Mine x3  
  79  6:03  SCV  
  77  6:07  SCV  
  77  6:08  Engineering Bay, Medivac  
  77  6:10  Engineering Bay  
  80  6:11  Medivac  
  80  6:15  SCV  
  81  6:19  SCV  
  81  6:22  Siege Tank  
  81  6:24  Orbital Command  
  85  6:27  SCV  
  85  6:28  Barracks Reactor x2  
  85  6:31  SCV  
  87  6:34  Barracks  
  87  6:36  Barracks  
  88  6:40  SCV  
  88  6:43  SCV, Terran Infantry Armor Level 1, Terran Infantry Weapons Level 1  
  88  6:46  Marine  
  88  6:48  Medivac  
  88  6:52  SCV  
  88  6:54  SCV  
  92  6:55  SCV  
  93  7:02  Siege Tank  
  93  7:03  Orbital Command, Supply Depot  
  93  7:04  SCV, Supply Depot  
  93  7:07  SCV  
  98  7:12  Factory Tech Lab, Marine x3  
  101  7:17  Supply Depot  
  101  7:18  Supply Depot  
  101  7:21  Supply Depot  
  101  7:25  Medivac, SCV x2, Marine x2  
  101  7:29  Marine  
  103  7:30  Medivac, Marine x2  
  103  7:31  SCV  
  107  7:37  SCV x2  
  107  7:42  Marine x2  
  107  7:43  SCV  
  106  7:44  Barracks Reactor  
  106  7:46  Siege Tank  
  106  7:47  Siege Tank, Marine x2  
  106  7:48  Marine  
  106  7:49  SCV x2  
  113  7:59  SCV  
  113  8:01  Supply Depot  
  113  8:04  SCV  
  115  8:07  SCV  
  115  8:08  Medivac  
  118  8:12  Marine  
  118  8:13  Marine x6  
  118  8:17  SCV, Command Center  
  118  8:18  Siege Tank  
  129  8:20  Siege Tank  
  129  8:22  Marine x2  
  129  8:25  Supply Depot  
  129  8:26  Refinery  
  134  8:29  SCV  
  134  8:30  Marine x3  
  138  8:34  Marine x4  
  138  8:38  SCV, Command Center  
  138  8:40  SCV, Marine x2  
  138  8:41  Terran Infantry Weapons Level 2  
  137  8:42  SCV  
  137  8:48  Marine x3  
  119  8:51  SCV  
  119  8:52  SCV, Reaper  
  119  8:54  SCV  
  114  9:02  Terran Infantry Armor Level 2  
  114  9:03  SCV  
  114  9:04  SCV  
  114  9:07  SCV  
  117  9:11  Terran Vehicle Weapons Level 1  
  117  9:15  Refinery, SCV, Marine  
  117  9:16  SCV, Combat Shield  
  120  9:19  SCV, Marine  
  120  9:20  Marine x2  
  124  9:27  SCV  
  124  9:28  SCV  
  124  9:29  Marine x2  
  124  9:31  SCV  
  129  9:34  Siege Tank, Marine x2  
  132  9:39  SCV  
  132  9:40  SCV, Siege Tank  
  132  9:41  Marine x3  
  132  9:42  Marine x2  
  132  9:43  SCV, Medivac  
  145  9:51  SCV  
  145  9:52  SCV  
  147  9:54  Marine x3  
  147  9:55  SCV  
  151  10:00  Barracks  
  151  10:03  Barracks x2, SCV  
  151  10:04  SCV  
  151  10:05  Refinery  
  151  10:07  Siege Tank  
  156  10:13  Marine x2  
  157  10:22  SCV x2  
  157  10:24  Marine x2  
  157  10:26  Medivac x2  
  157  10:27  SCV  
  166  10:32  Sensor Tower  
  166  10:34  SCV  
  167  10:36  Supply Depot  
  167  10:37  Planetary Fortress  
  167  10:38  Supply Depot  
  167  10:47  Command Center  
  167  10:55  Barracks Tech Lab x3  
  167  10:56  SCV, Medivac x2  
  172  11:01  Siege Tank x2  
  172  11:02  Sensor Tower  
  178  11:04  Refinery  
  178  11:13  SCV, Ghost Academy  
  178  11:14  Refinery  
  178  11:16  Refinery, SCV x2  
  178  11:17  SCV, Supply Depot  
  182  11:22  Terran Vehicle Weapons Level 2  
  182  11:25  SCV  
  183  11:28  SCV  
  184  11:32  Supply Depot  
  178  11:42  Terran Infantry Weapons Level 3  
  178  11:50  Terran Infantry Armor Level 3, Command Center  
  178  11:52  Missile Turret  
  178  12:03  Ghost x2  
  178  12:07  Orbital Command  
  178  12:08  Command Center  
  181  12:16  Personal Cloaking  
  181  12:23  Command Center  
  181  12:28  Ghost x2  
  156  12:30  Marine x6  
  156  12:32  Ghost  
  164  12:41  Ghost  
  165  12:57  Ghost x2  
  165  12:58  Siege Tank x2  
  175  13:02  Factory  
  175  13:04  Ghost  
  175  13:05  Marine x8  
  178  13:09  Marine  
  178  13:12  Missile Turret  
  184  13:29  Ghost x3  
  184  13:31  Armory  
  184  13:42  Command Center  
  184  13:44  Ghost  
  184  13:46  Orbital Command  
  183  13:49  Siege Tank x2  
  189  13:57  Ghost  
  189  13:58  Marauder  
  192  14:07  Ghost  
  192  14:10  Planetary Fortress  
  192  14:14  Orbital Command  
  192  14:20  Terran Vehicle Weapons Level 3, Factory Reactor  
  192  14:25  Terran Vehicle And Ship Armor Level 1  
  192  14:31  Refinery  
  186  14:32  Sensor Tower  
  186  14:34  Missile Turret  
  186  14:35  Missile Turret  
  186  14:36  Refinery, Command Center  
  186  14:42  Thor, Hellbat, Sensor Tower  
  194  14:46  Refinery  
  194  14:48  Missile Turret  
  186  14:54  Planetary Fortress  
  186  14:58  SCV x3  
  186  14:59  SCV  
  172  15:04  Hellbat  
  172  15:05  Hellbat x2  
  178  15:07  Neosteel Armor  
  178  15:10  SCV x3  
  178  15:14  SCV  
  182  15:22  SCV x2  
  182  15:23  SCV  
  182  15:24  Thor  
  182  15:26  SCV  
  182  15:28  Thor  
  192  15:29  Hellbat  
  192  15:30  Orbital Command  
  188  15:43  Orbital Command  
  188  15:46  Marauder x4  
  195  15:56  Command Center  
  195  15:58  Orbital Command  
  176  16:11  Ghost x2  
  176  16:12  Siege Tank x2, Hellbat  
  176  16:13  Hellbat  
  159  16:25  SCV x6  
  165  16:33  Liberator  
  165  16:34  Hellbat x2, Liberator  
  171  16:43  Concussive Shells  
  171  16:44  Ghost x2, Siege Tank x2  
  171  16:45  Ghost x2  
  171  16:46  SCV  
  171  16:47  SCV  
  187  16:52  SCV x2  
  187  16:54  Refinery  
  189  16:55  Hellbat x2, Sensor Tower  
  193  17:01  Marine  
  193  17:05  Terran Vehicle And Ship Armor Level 2, Command Center  
  194  17:14  Marauder x2  
  154  17:31  Ghost x2  
  154  17:34  Ghost, Medivac  
  160  17:39  Orbital Command  
  160  17:43  SCV x3  
  163  17:46  SCV  
  163  17:48  Planetary Fortress  
  164  17:54  Hellbat x3  
  164  17:55  SCV x2  
  172  18:00  Refinery, Command Center  
  172  18:03  SCV  
  172  18:05  SCV  
  174  18:08  Sensor Tower  
  174  18:09  Thor  
  180  18:16  Enhanced Shockwaves  
  180  18:17  Hellbat  
  184  18:20  Marauder  
  174  18:47  Thor, Missile Turret  
  182  18:48  Missile Turret, Hellbat  
  182  18:49  Hellbat  
  182  18:52  Thor  
  175  19:15  Hellbat x2  
  175  19:16  Orbital Command  
  173  19:22  SCV x2  
  175  19:24  Command Center  
  175  19:27  SCV x2  
  175  19:30  Siege Tank  
  180  19:33  SCV  
  180  19:34  SCV  
  180  19:35  Siege Tank  
  180  19:36  Hellbat x2  
  180  19:38  Terran Vehicle And Ship Armor Level 3, Command Center  
  189  19:58  Sensor Tower  
  189  20:02  Siege Tank  
  189  20:04  Hellbat x2  
  196  20:07  Siege Tank  
  199  20:17  Command Center  
  199  20:19  Missile Turret  
  199  20:30  Command Center  
  199  20:34  Command Center  
  199  20:35  Siege Tank  
  194  20:39  Hellbat x2  
  195  20:48  Liberator  
  198  20:50  Command Center  
  198  21:06  Orbital Command  
  198  21:10  Hellbat x2  
  200  21:12  Planetary Fortress  
  200  21:15  Orbital Command  
  200  21:18  Nuke  
  190  21:40  Thor  
  190  21:41  Hellbat  
  190  21:46  Orbital Command  
  192  21:48  SCV x2  
  191  21:55  SCV  
  189  22:08  Hellbat x2  
  189  22:11  SCV x3  
  189  22:16  Orbital Command  
  186  22:28  Thor  
  186  22:29  Hellbat  
  193  22:30  Hellbat  
  193  22:39  Hellion x4, Missile Turret  
  193  22:44  SCV x4  
  194  23:18  Thor  
  197  24:15  SCV x3  
  197  24:16  SCV  
  192  24:23  Ghost  
  192  24:24  Ghost x3  
  198  24:35  SCV x2  
  200  24:52  Ghost  
  195  24:55  Thor  
  195  24:56  Thor  
  200  25:01  Orbital Command  
  200  25:08  Planetary Fortress  
  200  25:13  Sensor Tower  
  198  25:53  Planetary Fortress  
  198  26:00  Missile Turret  
  198  26:12  Nuke  
  198  26:44  Refinery x2, Sensor Tower  
  198  26:50  Smart Servos  
  198  26:51  Refinery x2  
  198  27:05  Nuke  
  198  27:15  Orbital Command  
  198  27:18  Missile Turret  
  198  27:19  Orbital Command  
  198  27:56  Missile Turret  
  198  28:13  Missile Turret  
  198  28:16  Missile Turret  
  198  28:18  Missile Turret  
  198  28:19  Missile Turret  
  198  28:20  Command Center  
  198  28:23  Command Center  
  187  28:48  Ghost x4  
  178  28:52  Thor x2  
  178  28:53  Hellbat x2  
  165  29:16  Ghost x4  
  165  29:19  Marine x4  
  165  29:20  Marine x4  
  183  29:24  Hellbat x2  
  183  29:26  Refinery  
  183  29:30  Refinery  
  183  29:35  SCV x2  
  183  29:36  SCV x5  
  183  29:37  Marine x2  
  192  29:39  Orbital Command  
  192  29:45  Ghost x3  
  193  29:47  SCV, Missile Turret, Sensor Tower  
  193  29:48  SCV x3  
  199  30:01  Refinery  
  199  30:03  Refinery  
  199  30:04  SCV  
  200  30:25  Command Center  
  200  30:30  Command Center  
  200  30:33  Command Center  
  200  31:01  Command Center  
  192  31:44  Orbital Command  
  192  31:46  Orbital Command  
  192  31:49  Fusion Core, Starport  
  192  31:50  Terran Ship Weapons Level 1  
  188  31:57  Liberator x2  
  188  31:59  Thor  
  198  32:05  Planetary Fortress  
  198  32:13  Orbital Command  
  198  32:36  Advanced Ballistics, Starport Reactor  
  198  33:34  Missile Turret  
  198  33:39  Missile Turret  
  198  33:46  Terran Ship Weapons Level 2  
  198  33:53  Orbital Command  
  198  33:55  Rapid Reignition System  
  198  33:57  Missile Turret  
  198  34:02  Missile Turret  
  198  34:16  Nuke  
  194  34:18  Liberator x2  
  197  34:40  Liberator  
  200  35:01  Nuke  
  200  35:06  Factory  
  200  35:07  Factory  
  200  35:12  Factory  
  189  35:44  Hellbat x2  
  189  35:45  Hellbat x2  
  174  35:59  Factory Tech Lab x2, Hellbat  
  174  36:06  Hellbat x2  
  178  36:14  Terran Ship Weapons Level 3  
  178  36:35  Nuke  
  176  37:03  Hellbat x3  
  176  37:05  Thor, Hellbat  
  184  37:46  Ghost x2  
  184  37:47  Ghost  
  184  37:48  Thor  
  196  37:52  Nuke  
  180  38:28  Ghost x3  
  180  38:30  Thor x2, Hellbat x3  
  167  38:57  Ghost x3  
  167  38:59  Thor, Hellbat  
  167  39:00  Hellbat x3  
  187  39:13  Hellbat x2  
  191  39:21  Thor, Hellbat  
  196  39:39  Ghost x2  
  186  40:03  Hellbat x5  
  186  40:04  Hellbat  
  175  40:16  Thor  
  175  40:24  Thor, Hellbat x2  
  165  40:35  Thor x2, Hellbat  
  135  40:46  Hellbat x2  
  105  40:57  Hellbat  
  105  40:59  Thor  
  109  41:07  Thor  
  109  41:09  Medivac  
  105  41:15  Medivac  
  105  41:17  Thor x2  
  119  41:22  Medivac  
  119  41:23  Medivac  
  123  41:27  Ghost x2  
  127  41:39  Ghost, Medivac  
  131  41:49  Thor  
  137  41:56  Ghost x2  
  141  42:08  Ghost  
  141  42:09  Hellbat x6  
  155  42:24  Ghost  
  157  42:30  Hellbat  
  151  42:51  Hellbat x2  
  107  43:00  Ghost x2  
  101  43:09  Hellbat x4  
  101  43:10  Hellbat  
  107  43:16  Ghost  
  109  43:20  Hellbat x2  
  111  43:35  Marine x10  

Tags
 
Add a new tag
Caveats
  • Supply blocks, unpowered buildings, or Contaminate may cause inaccurate times.
  • Supply counts are checked every 10 seconds.